 Dungeon Crawl Stone Soup version 0.27-a0-887-gcab673c142 (webtiles) character file.

Game seed: 5217258887002357389

2403 rageheart7 the Fighter (level 9, -4/78 HPs)
             Began as a Vine Stalker Abyssal Knight on Apr 3, 2021.
             Was a Priest of Lugonu.
             Splashed by Psyche's acid (16 damage)
             ... on level 8 of the Dungeon.
             The game lasted 00:10:42 (7339 turns).

rageheart7 the Fighter (VSAK)                       Turns: 7339, Time: 00:10:42

Health: -4/78      AC: 12    Str: 17    XL:     9   Next: 47%
Magic:  0/11       EV:  2    Int: 12    God:    Lugonu [***...]
Gold:   974        SH:  0    Dex: 15    Spells: 8/8 levels left

rFire    . . .     SeeInvis .   l - +1 spear (vorpal)
rCold    . . .     Faith    .   (no shield)
rNeg     + + +     Spirit   +   (armour currently unavailable)
rPois    +         Reflect  .   (helmet currently unavailable)
rElec    .         Harm     .   (cloak currently unavailable)
rCorr    .         Rampage  .   (gloves currently unavailable)
Will     ++...     NoTele   +   (boots currently unavailable)
Stlth    +.........             i - amulet of the acrobat
HPRegen  1.23/turn              t - ring of willpower
MPRegen  0.12/turn              (no ring)

@: tree-form, corroded
A: stationary, stasis, torment immunity, boosted hp, (fangs 3), regeneration 1,
magic shield, (antimagic bite), no potion heal 2, (iridescent scales 1),
mutation resistance 1
a: Renounce Religion, Depart the Abyss, Bend Space, Banish


You were on level 8 of the Dungeon.
You worshipped Lugonu.
Lugonu was most pleased with you.
You were a tree.
You visited 1 branch of the dungeon, and saw 8 of its levels.
You visited the Abyss 1 time.

You collected 974 gold pieces.

Inventory:

Hand Weapons
 a - a +1 mace
 l - a +1 vorpal spear (weapon)
Missiles
 o - a curare-tipped dart
Armour
 g - a +2 cloak (melded)
 m - the +1 ring mail of Freedom (melded) {Dex+2}
   (You found it on level 7 of the Dungeon)

   It affects your dexterity (+2).
 y - a +1 ring mail of positive energy
Magical Staves
 A - a staff of death
Jewellery
 i - an amulet of the acrobat (around neck)
 t - a ring of willpower (left branch)
Wands
 b - a wand of acid (10)
 j - a wand of digging (2)
Scrolls
 f - a scroll of magic mapping
 h - 6 scrolls of teleportation
 x - a scroll of summoning
Potions
 c - a potion of ambrosia {unknown}
 d - a potion of mutation
 k - a potion of brilliance
 n - a potion of magic {unknown}
 p - 3 potions of might {unknown}
 q - 2 potions of haste
 v - 3 potions of curing {unknown}
 z - 2 potions of attraction {unknown}


   Skills:
 * Level 8.5 Fighting
 * Level 8.3 Maces & Flails
 - Level 1.5 Armour
 - Level 0.7 Dodging
 - Level 1.7 Invocations


You had 8 spell levels left.
You didn't know any spells.
Your spell library contained the following spells:

 Spells                   Type           Power      Damage    Failure   Level
 Animate Skeleton         Necr           0%         N/A       32%         1
 Apportation              Tloc           0%         N/A       32%         1
 Corona                   Hex            0%         N/A       32%         1
 Magic Dart               Conj           0%         1d3       32%         1
 Pain                     Necr           0%         1d4       32%         1
 Summon Small Mammal      Summ           0%         N/A       32%         1
 Blink                    Tloc           N/A        N/A       45%         2
 Call Imp                 Summ           0%         N/A       45%         2
 Slow                     Hex            0%         N/A       45%         2
 Conjure Flame            Conj/Fire      0%         6-21      69%         3
 Mephitic Cloud           Conj/Pois/Air  0%         N/A       69%         3
 Vampiric Draining        Necr           0%         2d6       69%         3
 Animate Dead             Necr           0%         N/A       97%         4
 Agony                    Necr           0%         N/A       100%        5


Dungeon Overview and Level Annotations

Branches:
Dungeon (8/15)             Temple (0/1) D:6
   Lair: D:8-11

Altars:
Dithmenos
Ru
Sif Muna
Vehumet

Annotations:
D:7 2 transporters, exclusion: ice statue, Rennog's ghost, novice DsFE
D:8 Psyche


Innate Abilities, Weirdness & Mutations

You are a tree.
Your roots penetrate the ground, keeping you stationary.
You cannot be teleported.
You are immune to unholy pain and torment.
Your maximum health is greatly increased.
Your equipment is partially melded.
((You have razor-sharp teeth.))
Your natural rate of healing is unusually fast.
When hurt, damage is shared between your health and your magic reserves.
((Your bite disrupts and absorbs the magic of your enemies.))
Potions cannot restore your health.
((You are partially covered in iridescent scales. (AC +2)))
You are somewhat resistant to further mutation.


Message History

Psyche is lightly wounded.
Psyche hits you with a +1 dagger of distortion.
Space bends around you.
You hit Psyche.
Psyche is lightly wounded.
Psyche points at you and mumbles some strange words.
You resist with almost no effort.
You miss Psyche.
Psyche is lightly wounded.
Psyche hits you but does no damage. x2; Space warps horribly around you!
You puncture Psyche!
Psyche is moderately wounded.
Psyche zaps a wand.
The bolt of acid hits you. The acid corrodes you!
You are splashed with acid!
* * * LOW HITPOINT WARNING * * *
You hit Psyche.
Psyche is heavily wounded.
Psyche hits you but does no damage. Space bends around you.
* * * LOW HITPOINT WARNING * * *
Psyche hits you but does no damage.
You closely miss Psyche.
Psyche is heavily wounded.
Psyche hits you but does no damage.
You barely miss Psyche.
Psyche is heavily wounded.
Psyche mumbles some strange words.
A swirling arc of seething chaos appears!
The arc of chaos hits you.
* * * LOW HITPOINT WARNING * * *
Psyche casts a spell at you. You resist with almost no effort.
You hit Psyche but do no damage.
Psyche is heavily wounded.
Psyche looks satisfied for a moment.
You hit Psyche.
Psyche is severely wounded.
Psyche zaps a wand.
The bolt of acid hits you!
* * * LOW HITPOINT WARNING * * *
The acid corrodes you!
You are splashed with acid!
You die...

....#..
##.......
#........
#.# #<#
#.# #.#
#@# #♣#
#.# #.#
#.# #..
###


You could see Psyche.

Vanquished Creatures
  Prince Ribbit (D:7)
  Eustachio (D:6)
  A steam dragon (D:7)
  Menkaure (D:5)
  A water moccasin (D:6)
  Duvessa (D:6)
  3 ice beasts
  5 ogres
  A centaur (D:7)
  3 bullfrogs
  A kobold brigand (D:7)
  A scorpion (D:6)
  A water moccasin zombie (D:6)
  Dowan (D:6)
  A bullfrog zombie (D:6)
  2 bullfrog skeletons
  An orc priest (D:7)
  2 centaur skeletons (D:7)
  2 iguanas (D:6)
  A killer bee zombie (D:7)
  A howler monkey skeleton (D:5)
  7 adders
  An ufetubus (D:6)
  3 worms
  A dart slug (D:1)
  7 orcs
  6 endoplasms
  2 giant cockroaches
  7 goblins
  3 hobgoblins (D:1)
  3 jackals (D:1)
  4 quokkas (D:5)
  8 ball pythons
  3 bats
  2 frilled lizards
  12 kobolds
  6 rats
107 creatures vanquished.

Vanquished Creatures (collateral kills)
  A hound (D:6)
1 creature vanquished.

Vanquished Creatures (others)
  An orc (D:7)
  A fungus (D:5)
  3 plants (D:5)
5 creatures vanquished.

Grand Total: 113 creatures vanquished

Notes
Turn   | Place    | Note
-------+----------+-------------------------------------------
     0 | Abyss:1  | rageheart7 the Vine Stalker Abyssal Knight began the quest
                  | for the Orb.
     0 | Abyss:1  | Reached XP level 1. HP: 11/11 MP: 3/3
    34 | Abyss:1  | Noticed an earth elemental
    39 | Abyss:1  | Noticed a chaos spawn
    41 | D:1      | Escaped the Abyss
   283 | D:1      | Reached * piety under Lugonu
   320 | D:1      | Reached XP level 2. HP: 16/16 MP: 4/4
   612 | D:1      | Found a faded altar of an unknown god.
   975 | D:1      | Reached XP level 3. HP: 13/20 MP: 3/5
  1828 | D:2      | Noticed an ice beast
  1921 | D:2      | Gained mutation: Your natural rate of healing is unusually
                  | fast. [Vine Stalker growth]
  1921 | D:2      | Reached XP level 4. HP: 25/25 MP: 6/6
  1929 | D:2      | Reached ** piety under Lugonu
  2066 | D:2      | Killed an ice beast
  2067 | D:2      | Reached XP level 5. HP: 28/29 MP: 2/7
  2829 | D:4      | Noticed an ogre
  2833 | D:4      | Noticed an ogre
  3196 | D:4      | Killed an ogre
  3197 | D:4      | Reached XP level 6. HP: 35/35 MP: 5/8
  3303 | D:4      | Reached skill level 5 in Fighting
  3581 | D:5      | Entered Level 5 of the Dungeon
  3818 | D:5      | Reached XP level 7. HP: 35/39 MP: 5/9
  3912 | D:5      | Reached skill level 5 in Maces & Flails
  4174 | D:5      | Noticed Menkaure
  4187 | D:5      | Killed Menkaure
  4935 | D:6      | Identified a scroll of acquirement
  4935 | D:6      | Acquired 698 gold pieces
  4991 | D:6      | Noticed Dowan
  4996 | D:6      | Noticed Duvessa
  5027 | D:6      | Killed Dowan
  5033 | D:6      | Killed Duvessa
  5034 | D:6      | Gained mutation: You have razor-sharp teeth. [Vine Stalker
                  | growth]
  5034 | D:6      | Reached XP level 8. HP: 20/43 MP: 4/10
  5413 | D:6      | Found a radiant altar of Vehumet.
  5413 | D:6      | Found a shimmering blue altar of Sif Muna.
  5568 | D:6      | Noticed Eustachio
  5699 | D:6      | Found a sacrificial altar of Ru.
  5699 | D:6      | Found a shadowy altar of Dithmenos.
  5834 | D:6      | Killed Eustachio
  6052 | D:6      | Found a staircase to the Ecumenical Temple.
  6160 | D:6      | Reached XP level 9. HP: 50/51 MP: 7/11
  6548 | D:6      | Gained mutation: You are somewhat resistant to further
                  | mutation. [potion of mutation]
  6548 | D:6      | Gained mutation: You are partially covered in iridescent
                  | scales. (AC +2) [potion of mutation]
  6568 | D:7      | Found a transporter.
  6657 | D:7      | Noticed a troll
  6658 | D:7      | Noticed a troll
  6659 | D:7      | Noticed a cyclops
  6661 | D:7      | Noticed an ice statue
  6662 | D:7      | Found a transporter.
  6662 | D:7      | Noticed Rennog's ghost (novice DsFE)
  6677 | D:7      | Reached *** piety under Lugonu
  6758 | D:7      | Identified the +1 ring mail of Freedom {Dex+2}
  6968 | D:7      | Noticed Prince Ribbit
  6982 | D:7      | Killed Prince Ribbit
  7321 | D:8      | Noticed Psyche
  7339 | D:8      | Splashed by Psyche's acid

Illustrated notes

Levels and vault maps discovered:
D:1:      dpeg_arrival_concentric_ovals, layout_loops_ring,
          ebering_ecumenical_altar_sacrificial, serial_bayou_pond_d
D:2:      layout_rooms, minivault_19
D:3:      layout_rooms, chequers_serial_rivers_small_3, grunt_decor_fettered
D:4:      layout_loops_ring
D:5:      layout_basic, serial_aquarium, aquarium_bridge_long_separate
          [aquarium_subvault_bridge, aquarium_subvault_window,
          aquarium_subvault_bridge, aquarium_subvault_balcony,
          aquarium_subvault_bridge, aquarium_subvault_bridge],
          aquarium_window_fake, aquarium_window_fake, aquarium_view_2d,
          aquarium_view_2d, aquarium_balcony_3a, aquarium_pool_2,
          serial_bayou_lagoon_a, minivault_5, small_statue_intersection,
          uniq_menkaure
D:6:      layout_layer_cave, gammafunk_temple_overflow_pools,
          gammafunk_temple_overflow_wave, temple_hall, uniq_duvessa,
          uniq_eustachio
D:7:      layout_loops_ring, nzn_ghost_randoct, uniq_prince_ribbit1
D:8:      layout_loops_ring, serial_glass, glass_columns_c, glass_columns_c,
          roderic_batcave, uniq_psyche

Skill      XL: |  1  2  3  4  5  6  7  8  9 |
---------------+----------------------------+-----
Maces & Flails | 2 3 4 6 7 8 |  8.3
Fighting       | 3 4 5 6 7 8 |  8.5
Armour         | |  1.5
Dodging        | |  0.7
Invocations    | |  1.7

Action                   |  1- 3 |  4- 6 |  7- 9 || total
-------------------------+-------+-------+-------++-------
Melee: Mace              |    87 |   121 |   239 ||   447
       Bite              |    21 |    45 |    70 ||   136
       Spear             |       |       |    11 ||    11
Invok: Depart the Abyss  |     1 |       |       ||     1
  Use: Scroll            |       |       |    15 ||    15
       Potion            |       |       |     6 ||     6
 Stab: Sleeping          |       |     1 |       ||     1
Armor: Leather armour    |    32 |    22 |     7 ||    61
       Skin              |       |       |    35 ||    35
       Ring mail         |       |       |    75 ||    75
Dodge: Dodged            |    67 |    75 |   138 ||   280

Table legend: (Time is in decaauts)
 A = Elapsed time spent in this place.
 B = Non-inter-level travel time spent in this place.
 C = Inter-level travel time spent in this place.
 D = Time resting spent in this place.
 E = Time spent auto-exploring this place.
 F = Levels seen in this place.
 G = Mean time per level.
                   A        B        C        D        E       F      G
               +--------+--------+--------+--------+--------+-----+--------+
         Total |   7429 |   7149 |    280 |      0 |   5841 |   9 |  825.4 |
       Dungeon |   7385 |   7105 |    280 |      0 |   5806 |   8 |  923.1 |
         Abyss |     43 |     43 |      0 |      0 |     35 |   1 |   43.0 |
               +--------+--------+--------+--------+--------+-----+--------+

Top non-repeatable levels by time:
     D:6: 1652 daAuts
     D:1: 1484 daAuts
     D:5: 1369 daAuts
     D:2: 808 daAuts
     D:4: 794 daAuts
     D:7: 753 daAuts
     D:3: 503 daAuts
 Abyss:1: 43 daAuts
     D:8: 18 daAuts
